[ AOE2 MATCH · #481655525 ]
UnrankedHuns vs Gurjaras
[ REPLAY ANALYSIS · EXTRACTED FROM THE RECORDED GAME ]
Feudal
10:16
Castle
17:01
Imperial
—
| APM avg | 13.2 |
| APM peak | 33 |
| eAPM avg | 11.2 |
| Villagers / military | 79 / 19 |
Focus
⚔️ 23.0% · 🌾 77.0%
Knight ×19 · Trade Cart ×5
Feudal
—
Castle
—
Imperial
—
| APM avg | 8.6 |
| APM peak | 55 |
| eAPM avg | 1.9 |
| Villagers / military | 9 / 0 |
Focus
⚔️ 25.9% · 🌾 74.1%
Feudal
6:55
Castle
10:36
Imperial
20:50
| APM avg | 24.4 |
| APM peak | 50 |
| eAPM avg | 15.2 |
| Villagers / military | 44 / 381 |
Focus
⚔️ 52.9% · 🌾 47.1%
Cavalry Archer ×350 · Hand Cannoneer ×31
Feudal
5:25
Castle
10:18
Imperial
19:31
| APM avg | 12.6 |
| APM peak | 37 |
| eAPM avg | 9.8 |
| Villagers / military | 73 / 1 |
Focus
⚔️ 31.2% · 🌾 68.8%
Trade Cart ×10 · Monk ×1
Feudal
7:27
Castle
11:33
Imperial
15:58
| APM avg | 17.9 |
| APM peak | 51 |
| eAPM avg | 12.8 |
| Villagers / military | 118 / 33 |
Focus
⚔️ 23.9% · 🌾 76.1%
Hand Cannoneer ×25 · Trebuchet (Packed) ×6 · Bombard Cannon ×2
Feudal
5:46
Castle
9:41
Imperial
21:43
| APM avg | 22.8 |
| APM peak | 51 |
| eAPM avg | 17.0 |
| Villagers / military | 171 / 123 |
Focus
⚔️ 26.7% · 🌾 73.3%
Knight ×123
Feudal
7:16
Castle
10:50
Imperial
24:44
| APM avg | 26.3 |
| APM peak | 56 |
| eAPM avg | 16.0 |
| Villagers / military | 130 / 11 |
Focus
⚔️ 26.5% · 🌾 73.5%
Trade Cart ×11 · Camel Scout ×10 · Gbeto ×1
Feudal
9:59
Castle
14:11
Imperial
—
| APM avg | 15.1 |
| APM peak | 35 |
| eAPM avg | 12.3 |
| Villagers / military | 115 / 84 |
Focus
⚔️ 16.3% · 🌾 83.7%
Serjeant ×84 · Trade Cart ×9
Match map
Initial resources + every placement click. Lines = walls · curves = elevation contours. ◆ gold · ⬟ stone · ● berries · ✦ relic · ◌ wall gap
Your base· ✓ Closed at 17:01 · 0t walls · no gate
AnacletoElit's base· ✓ Closed at 12:00 · 29t walls · no gate
Pepsified's base· ✓ Closed at 10:36 · 0t walls · no gate
Bluestorm's base· Open — opponent sealed themselves in
PolishedPoo's base· Open — opponent sealed themselves in
NothingAtAll11's base· Open — opponent sealed themselves in
Sentinel's base· ✓ Closed at 10:50 · 31t walls · no gate
jhonatanSirock's base· Open — opponent sealed themselves in
Smoothed initial terrain · ◌ = detected wall gap · hover for details
Inputs per minute
— ANCIANO - - AnacletoElit
Build order — ANCIANO
First 150 of 189 actions detected
| 0:03 | Create | Villager (Male) ×4 |
| 0:03 | Create | Villager (Male) ×4 |
| 0:03 | Create | Villager (Male) ×4 |
| 1:08 | Build | Mill |
| 1:27 | Build | Lumber Camp |
| 1:38 | Research | Loom |
| 1:41 | Create | Villager (Male) |
| 1:41 | Create | Villager (Male) |
| 2:54 | Create | Villager (Male) |
| 2:54 | Create | Villager (Male) |
| 2:54 | Create | Villager (Male) |
| 2:55 | Create | Villager (Male) |
| 3:22 | Create | Villager (Male) |
| 3:22 | Create | Villager (Male) |
| 3:45 | Create | Villager (Male) |
| 4:19 | Create | Villager (Male) |
| 4:19 | Create | Villager (Male) |
| 4:24 | Create | Villager (Male) |
| 4:24 | Create | Villager (Male) |
| 4:25 | Create | Villager (Male) |
| 5:04 | Create | Villager (Male) |
| 5:04 | Create | Villager (Male) |
| 5:05 | Create | Villager (Male) |
| 5:05 | Create | Villager (Male) |
| 5:23 | Create | Villager (Male) |
| 6:40 | Create | Villager (Male) |
| 7:04 | Create | Villager (Male) |
| 7:25 | Create | Villager (Male) |
| 8:06 | Research | Feudal Age |
| 8:13 | Build | Lumber Camp |
| 9:27 | Create | Villager (Male) |
| 9:27 | Create | Villager (Male) |
| 10:16 | Age | Feudal Age |
| 10:21 | Build | Mill |
| 10:29 | Create | Villager (Male) |
| 11:09 | Build | Watch Tower |
| 12:08 | Create | Villager (Male) |
| 12:08 | Create | Villager (Male) |
| 12:08 | Create | Villager (Male) |
| 12:08 | Create | Villager (Male) |
| 12:09 | Create | Villager (Male) |
| 12:09 | Create | Villager (Male) |
| 12:13 | Research | Double-Bit Axe |
| 12:16 | Build | Blacksmith |
| 12:18 | Build | Market |
| 12:29 | Build | Mining Camp |
| 12:40 | Build | Farm |
| 12:41 | Build | Farm |
| 12:41 | Build | Farm |
| 12:41 | Build | Farm |
| 12:42 | Build | Farm |
| 12:42 | Build | Farm |
| 13:07 | Build | Barracks |
| 13:18 | Create | Villager (Male) |
| 13:18 | Create | Villager (Male) |
| 13:47 | Build | Farm |
| 14:15 | Research | Castle Age |
| 14:15 | Research | Castle Age |
| 14:16 | Research | Castle Age |
| 14:27 | Build | Stable |
| 14:39 | Build | Stable |
| 14:43 | Build | Stable |
| 14:48 | Build | Stable |
| 14:52 | Build | Stable |
| 14:54 | Build | Stable |
| 14:57 | Build | Stable |
| 14:59 | Build | Stable |
| 15:01 | Build | Stable |
| 15:03 | Build | Stable |
| 15:05 | Build | Stable |
| 15:06 | Build | Stable |
| 15:09 | Build | Stable |
| 15:09 | Build | Stable |
| 15:09 | Build | Stable |
| 15:09 | Build | Stable |
| 15:10 | Build | Stable |
| 15:10 | Build | Stable |
| 15:16 | Research | Bloodlines |
| 15:18 | Research | Forging |
| 15:19 | Research | Scale Barding Armor |
| 15:29 | Build | Farm |
| 15:30 | Build | Farm |
| 15:30 | Build | Farm |
| 15:30 | Build | Farm |
| 15:30 | Build | Farm |
| 15:31 | Build | Farm |
| 15:31 | Build | Farm |
| 15:31 | Build | Farm |
| 15:31 | Build | Farm |
| 15:31 | Build | Farm |
| 15:32 | Build | Farm |
| 15:32 | Build | Farm |
| 15:32 | Build | Farm |
| 15:40 | Create | Villager (Male) |
| 15:41 | Create | Villager (Male) |
| 15:41 | Create | Villager (Male) |
| 15:41 | Create | Villager (Male) |
| 16:15 | Research | Caravan |
| 16:17 | Create | Trade Cart |
| 16:17 | Create | Trade Cart |
| 16:18 | Create | Trade Cart |
| 16:36 | Create | Trade Cart |
| 16:36 | Create | Trade Cart |
| 17:01 | Age | Castle Age |
| 17:12 | Research | Wheelbarrow |
| 17:12 | Research | Wheelbarrow |
| 17:35 | Research | Husbandry |
| 17:36 | Research | Light Cavalry (upgrade) |
| 17:38 | Research | Cavalier (upgrade) |
| 17:47 | Research | Gold Mining |
| 17:48 | Research | Gold Mining |
| 17:55 | Create | Villager (Male) |
| 17:55 | Create | Villager (Male) |
| 17:55 | Create | Villager (Male) |
| 18:11 | Create | Villager (Male) |
| 18:11 | Create | Villager (Male) |
| 18:12 | Create | Villager (Male) |
| 18:12 | Create | Villager (Male) |
| 18:21 | Build | Mining Camp |
| 19:14 | Research | Iron Casting |
| 19:14 | Research | Chain Barding Armor |
| 19:44 | Research | Chain Barding Armor |
| 19:45 | Research | Chain Barding Armor |
| 19:57 | Create | Knight |
| 19:57 | Create | Knight |
| 20:04 | Research | Stone Mining |
| 20:10 | Research | Gold Shaft Mining |
| 20:14 | Research | Bow Saw |
| 20:19 | Build | Town Center |
| 20:37 | Build | Town Center |
| 20:46 | Research | Town Watch |
| 20:48 | Create | Villager (Male) |
| 20:48 | Create | Villager (Male) |
| 20:48 | Create | Villager (Male) |
| 20:49 | Create | Villager (Male) |
| 21:01 | Create | Knight |
| 21:01 | Create | Knight |
| 21:01 | Create | Knight |
| 21:10 | Create | Knight |
| 21:10 | Create | Knight |
| 21:48 | Research | Two-Man Saw |
| 22:06 | Build | Farm |
| 22:16 | Create | Knight ×2 |
| 22:16 | Create | Knight ×2 |
| 22:23 | Create | Knight |
| 22:23 | Create | Knight |
| 23:05 | Build | Mining Camp |
| 23:15 | Create | Villager (Male) |
| 23:15 | Create | Villager (Male) |
| 23:16 | Create | Villager (Male) |
Build order — AnacletoElit
18 actions detected in the replay
| 0:01 | Create | Villager (Male) |
| 0:02 | Create | Villager (Male) |
| 0:02 | Create | Villager (Male) |
| 0:03 | Build | Barracks |
| 0:11 | Build | Barracks |
| 0:18 | Build | Mill |
| 0:34 | Create | Villager (Male) |
| 1:23 | Create | Villager (Male) |
| 1:52 | Build | Lumber Camp |
| 1:57 | Research | Loom |
| 2:10 | Create | Villager (Male) |
| 2:49 | Create | Villager (Male) |
| 3:01 | Create | Villager (Male) |
| 3:26 | Create | Villager (Male) |
| 3:40 | Build | Mining Camp |
| 3:44 | Research | Feudal Age |
| 4:56 | Build | Barracks |
| 5:38 | Build | Palisade Wall |
Build order — Pepsified
First 150 of 194 actions detected
| 0:01 | Create | Villager (Male) ×4 |
| 0:30 | Build | Mill |
| 1:46 | Create | Villager (Male) |
| 1:47 | Create | Villager (Male) |
| 1:47 | Create | Villager (Male) |
| 1:52 | Build | Lumber Camp |
| 2:18 | Create | Villager (Male) |
| 2:18 | Create | Villager (Male) |
| 2:37 | Create | Villager (Male) |
| 2:40 | Research | Double-Bit Axe |
| 3:37 | Create | Villager (Male) |
| 4:45 | Research | Feudal Age |
| 5:27 | Build | Mining Camp |
| 6:55 | Age | Feudal Age |
| 7:00 | Build | Blacksmith |
| 7:01 | Build | Market |
| 7:31 | Research | Loom |
| 7:53 | Research | Castle Age |
| 10:09 | Build | Mill |
| 10:36 | Age | Castle Age |
| 10:45 | Research | Bow Saw |
| 10:46 | Research | Horse Collar |
| 10:54 | Create | Villager (Male) |
| 10:54 | Create | Villager (Male) |
| 10:56 | Build | Town Center |
| 11:06 | Build | Town Center |
| 11:10 | Build | Town Center |
| 11:49 | Create | Villager (Male) |
| 11:49 | Create | Villager (Male) |
| 11:49 | Create | Villager (Male) |
| 11:55 | Build | Mining Camp |
| 11:57 | Create | Villager (Male) |
| 11:58 | Create | Villager (Male) |
| 12:06 | Build | Barracks |
| 12:22 | Create | Villager (Male) |
| 12:23 | Create | Villager (Male) |
| 12:23 | Create | Villager (Male) |
| 12:23 | Create | Villager (Male) |
| 12:23 | Create | Villager (Male) |
| 12:33 | Research | Fletching |
| 12:33 | Research | Padded Archer Armor |
| 12:37 | Build | University |
| 13:01 | Research | Wheelbarrow |
| 13:01 | Research | Town Watch |
| 13:04 | Research | Two-Man Saw |
| 13:04 | Research | Heavy Plow |
| 13:06 | Research | Gold Mining |
| 13:26 | Build | Archery Range |
| 13:37 | Research | Ballistics |
| 13:41 | Create | Villager (Male) |
| 13:50 | Build | Stable |
| 13:54 | Build | Archery Range |
| 13:59 | Research | Bodkin Arrow |
| 14:00 | Research | Leather Archer Armor |
| 14:02 | Create | Villager (Male) |
| 14:02 | Create | Villager (Male) |
| 14:05 | Build | Mining Camp |
| 14:07 | Research | Gold Mining |
| 14:08 | Create | Villager (Male) |
| 14:08 | Create | Villager (Male) |
| 14:09 | Create | Villager (Male) |
| 14:09 | Create | Villager (Male) |
| 15:03 | Research | Husbandry |
| 15:07 | Build | Archery Range |
| 15:08 | Build | Archery Range |
| 15:09 | Build | Archery Range |
| 15:11 | Build | Archery Range |
| 15:11 | Build | Archery Range |
| 15:12 | Build | Archery Range |
| 15:14 | Build | Archery Range |
| 15:16 | Build | Archery Range |
| 15:26 | Create | Villager (Male) |
| 15:26 | Create | Villager (Male) |
| 15:33 | Build | Mining Camp |
| 15:38 | Build | Mining Camp |
| 15:39 | Create | Villager (Male) ×5 |
| 15:43 | Research | Hand Cart |
| 15:45 | Create | Villager (Male) |
| 15:45 | Create | Villager (Male) |
| 16:05 | Research | Stone Mining |
| 16:09 | Research | Gold Shaft Mining |
| 16:12 | Create | Villager (Male) ×5 |
| 16:34 | Research | Treadmill Crane |
| 16:42 | Build | Monastery |
| 16:49 | Build | Siege Workshop |
| 16:52 | Build | Siege Workshop |
| 16:53 | Build | Siege Workshop |
| 16:55 | Build | Siege Workshop |
| 16:56 | Build | Siege Workshop |
| 16:58 | Build | Siege Workshop |
| 17:10 | Create | Cavalry Archer ×5 |
| 17:10 | Create | Cavalry Archer ×5 |
| 17:10 | Create | Cavalry Archer ×5 |
| 17:11 | Create | Cavalry Archer ×5 |
| 17:11 | Create | Cavalry Archer ×5 |
| 17:11 | Create | Cavalry Archer ×5 |
| 17:11 | Create | Cavalry Archer ×5 |
| 17:12 | Create | Cavalry Archer ×5 |
| 17:12 | Create | Cavalry Archer ×5 |
| 17:12 | Create | Cavalry Archer ×5 |
| 17:12 | Create | Cavalry Archer ×5 |
| 17:13 | Create | Cavalry Archer ×5 |
| 17:13 | Create | Cavalry Archer ×5 |
| 17:13 | Create | Cavalry Archer ×5 |
| 17:13 | Create | Cavalry Archer ×5 |
| 17:14 | Create | Cavalry Archer ×5 |
| 17:24 | Research | Light Cavalry (upgrade) |
| 17:25 | Research | Cavalier (upgrade) |
| 17:40 | Research | Imperial Age |
| 17:40 | Research | Imperial Age |
| 18:04 | Create | Cavalry Archer ×5 |
| 18:04 | Create | Cavalry Archer ×5 |
| 18:04 | Create | Cavalry Archer ×5 |
| 18:04 | Create | Cavalry Archer ×5 |
| 18:04 | Create | Cavalry Archer ×5 |
| 18:21 | Build | Archery Range |
| 18:25 | Create | Cavalry Archer ×5 |
| 18:25 | Create | Cavalry Archer ×5 |
| 18:26 | Create | Cavalry Archer ×5 |
| 18:26 | Create | Cavalry Archer ×5 |
| 19:06 | Create | Cavalry Archer ×5 |
| 19:06 | Create | Cavalry Archer ×5 |
| 19:07 | Create | Cavalry Archer ×5 |
| 19:08 | Create | Cavalry Archer ×5 |
| 19:08 | Create | Cavalry Archer ×5 |
| 19:08 | Create | Cavalry Archer ×5 |
| 19:08 | Create | Cavalry Archer ×5 |
| 19:09 | Create | Cavalry Archer ×5 |
| 19:33 | Build | Archery Range |
| 19:33 | Build | Archery Range |
| 19:33 | Build | Archery Range |
| 19:33 | Build | Archery Range |
| 19:34 | Build | Archery Range |
| 19:34 | Build | Archery Range |
| 19:34 | Build | Archery Range |
| 19:34 | Build | Archery Range |
| 19:34 | Build | Archery Range |
| 19:35 | Build | Archery Range |
| 19:35 | Build | Archery Range |
| 19:35 | Build | Archery Range |
| 19:45 | Build | Castle |
| 19:51 | Create | Cavalry Archer ×5 |
| 19:52 | Create | Cavalry Archer ×5 |
| 19:52 | Create | Cavalry Archer ×5 |
| 19:53 | Create | Cavalry Archer ×5 |
| 20:50 | Age | Imperial Age |
| 21:09 | Research | Bracer |
| 21:10 | Research | Chemistry |
| 21:26 | Create | Hand Cannoneer ×5 |
| 21:26 | Create | Hand Cannoneer ×5 |
Build order — Bluestorm
129 actions detected in the replay
| 0:01 | Create | Villager (Male) |
| 0:01 | Create | Villager (Male) |
| 0:02 | Create | Villager (Male) |
| 0:02 | Create | Villager (Male) |
| 0:03 | Build | House |
| 0:05 | Build | House |
| 0:32 | Build | Mill |
| 1:22 | Create | Villager (Male) |
| 1:22 | Create | Villager (Male) |
| 2:27 | Create | Villager (Male) |
| 2:27 | Create | Villager (Male) |
| 2:41 | Create | Villager (Male) |
| 2:50 | Build | Lumber Camp |
| 3:08 | Create | Villager (Male) |
| 3:15 | Research | Feudal Age |
| 3:16 | Research | Feudal Age |
| 3:57 | Build | House |
| 4:25 | Create | Villager (Male) |
| 4:26 | Create | Villager (Male) |
| 4:32 | Research | Loom |
| 4:32 | Research | Wheelbarrow |
| 4:33 | Create | Villager (Male) |
| 4:33 | Create | Villager (Male) |
| 4:34 | Create | Villager (Male) |
| 4:39 | Build | Mill |
| 5:25 | Age | Feudal Age |
| 5:26 | Research | Double-Bit Axe |
| 6:13 | Build | Market |
| 7:06 | Build | Blacksmith |
| 7:37 | Research | Castle Age |
| 7:51 | Build | Mining Camp |
| 8:38 | Create | Villager (Male) |
| 8:38 | Create | Villager (Male) |
| 8:39 | Create | Villager (Male) |
| 10:18 | Age | Castle Age |
| 10:25 | Build | Castle |
| 11:04 | Research | Kshatriyas |
| 11:13 | Build | Barracks |
| 11:15 | Create | Villager (Male) |
| 11:17 | Research | Bow Saw |
| 11:26 | Research | Gold Mining |
| 11:45 | Build | Town Center |
| 12:03 | Build | Castle |
| 12:04 | Build | Castle |
| 12:06 | Build | Castle |
| 12:09 | Build | Castle |
| 12:10 | Build | Castle |
| 12:22 | Create | Villager (Male) ×5 |
| 12:24 | Create | Villager (Male) ×4 |
| 12:46 | Build | University |
| 12:51 | Research | Fletching |
| 12:57 | Research | Town Watch |
| 13:05 | Build | Mill |
| 13:21 | Build | Castle |
| 13:31 | Research | Bodkin Arrow |
| 13:38 | Research | Gold Shaft Mining |
| 13:57 | Research | Tech 908 |
| 14:07 | Create | Villager (Male) ×4 |
| 14:24 | Research | Ballistics |
| 14:48 | Build | Castle |
| 14:49 | Build | Castle |
| 14:49 | Build | Castle |
| 14:50 | Build | Castle |
| 14:52 | Build | Castle |
| 14:53 | Build | Castle |
| 14:54 | Build | Castle |
| 14:55 | Build | Castle |
| 14:57 | Build | Castle |
| 14:58 | Build | Castle |
| 15:10 | Create | Villager (Male) ×5 |
| 16:21 | Research | Imperial Age |
| 16:39 | Create | Villager (Male) ×5 |
| 16:45 | Research | Horse Collar |
| 16:47 | Research | Heavy Plow |
| 16:49 | Research | Crop Rotation |
| 17:09 | Build | Monastery |
| 17:20 | Research | Town Patrol |
| 17:21 | Research | Hand Cart |
| 17:25 | Create | Villager (Male) |
| 18:09 | Build | Market |
| 18:10 | Build | Market |
| 18:14 | Build | Market |
| 18:29 | Build | Mining Camp |
| 18:35 | Create | Villager (Male) ×5 |
| 18:39 | Create | Villager (Male) ×5 |
| 18:45 | Create | Monk |
| 19:22 | Build | Castle |
| 19:23 | Build | Castle |
| 19:26 | Build | Castle |
| 19:27 | Build | Castle |
| 19:27 | Build | Castle |
| 19:28 | Build | Castle |
| 19:29 | Build | Castle |
| 19:30 | Build | Castle |
| 19:31 | Age | Imperial Age |
| 19:31 | Build | Castle |
| 19:32 | Build | Castle |
| 19:33 | Build | Castle |
| 19:34 | Build | Castle |
| 19:35 | Build | Castle |
| 19:37 | Build | Castle |
| 19:39 | Build | Castle |
| 20:30 | Build | Lumber Camp |
| 20:50 | Research | Frontier Guards |
| 21:06 | Research | Chemistry |
| 21:15 | Build | Mining Camp |
| 21:19 | Create | Villager (Male) ×5 |
| 21:20 | Create | Villager (Male) ×5 |
| 21:24 | Build | Farm |
| 21:24 | Build | Farm |
| 21:24 | Build | Farm |
| 21:25 | Build | Farm |
| 21:59 | Research | Caravan |
| 22:07 | Create | Trade Cart ×3 |
| 23:36 | Research | Bracer |
| 23:37 | Research | Scale Barding Armor |
| 23:38 | Research | Forging |
| 23:48 | Research | Elite Chakram Thrower (upgrade) |
| 23:49 | Research | Conscription |
| 24:04 | Create | Trade Cart ×5 |
| 24:48 | Build | Stable |
| 24:53 | Build | Stable |
| 24:54 | Build | Stable |
| 25:04 | Research | Chain Barding Armor |
| 25:10 | Create | Trade Cart |
| 25:11 | Create | Trade Cart |
| 25:16 | Create | Villager (Male) ×5 |
| 25:16 | Create | Villager (Male) ×5 |
| 25:28 | Build | Lumber Camp |
Build order — PolishedPoo
First 150 of 176 actions detected
| 0:01 | Create | Villager (Male) |
| 0:01 | Create | Villager (Male) |
| 0:01 | Create | Villager (Male) |
| 0:03 | Build | House |
| 0:15 | Create | Villager (Male) |
| 0:43 | Build | Mill |
| 0:59 | Create | Villager (Male) |
| 1:17 | Create | Villager (Male) |
| 1:34 | Create | Villager (Male) |
| 2:22 | Build | House |
| 2:37 | Build | House |
| 3:12 | Create | Villager (Male) |
| 3:26 | Create | Villager (Male) |
| 3:36 | Create | Villager (Male) |
| 3:57 | Create | Villager (Male) |
| 4:02 | Create | Villager (Male) |
| 4:03 | Create | Villager (Male) |
| 4:11 | Build | Lumber Camp |
| 4:40 | Research | Feudal Age |
| 5:32 | Build | Mining Camp |
| 6:15 | Create | Villager (Male) |
| 6:15 | Create | Villager (Male) |
| 6:32 | Build | Lumber Camp |
| 7:27 | Age | Feudal Age |
| 7:32 | Build | Blacksmith |
| 8:15 | Build | Market |
| 8:21 | Create | Villager (Male) |
| 8:24 | Create | Villager (Male) |
| 8:53 | Research | Castle Age |
| 8:53 | Research | Castle Age |
| 9:46 | Research | Double-Bit Axe |
| 9:53 | Research | Horse Collar |
| 9:56 | Research | Heavy Plow |
| 10:04 | Research | Wheelbarrow |
| 11:33 | Age | Castle Age |
| 11:35 | Build | Castle |
| 11:58 | Research | Imperial Age |
| 11:58 | Research | Imperial Age |
| 12:13 | Create | Villager (Male) |
| 12:16 | Build | Castle |
| 12:40 | Build | Castle |
| 12:42 | Build | Castle |
| 12:44 | Build | Castle |
| 12:55 | Create | Villager (Male) ×5 |
| 13:15 | Build | House |
| 14:21 | Research | Burgundian Vineyards |
| 14:36 | Create | Villager (Male) |
| 14:47 | Build | Castle |
| 15:01 | Build | Castle |
| 15:21 | Build | Town Center |
| 15:25 | Build | Town Center |
| 15:30 | Build | Town Center |
| 15:58 | Age | Imperial Age |
| 16:04 | Create | Villager (Male) |
| 16:05 | Create | Villager (Male) |
| 16:05 | Create | Villager (Male) |
| 16:05 | Create | Villager (Male) ×5 |
| 16:05 | Create | Villager (Male) ×5 |
| 16:06 | Create | Villager (Male) ×5 |
| 16:06 | Create | Villager (Male) ×5 |
| 16:06 | Create | Villager (Male) ×5 |
| 16:06 | Create | Villager (Male) |
| 16:16 | Build | Mining Camp |
| 16:20 | Build | Mining Camp |
| 16:35 | Create | Villager (Male) ×2 |
| 16:45 | Build | Farm |
| 16:48 | Create | Villager (Male) |
| 16:48 | Create | Villager (Male) ×2 |
| 16:49 | Create | Villager (Male) |
| 17:36 | Create | Villager (Male) ×4 |
| 17:50 | Create | Trebuchet (Packed) |
| 17:50 | Create | Trebuchet (Packed) |
| 18:00 | Build | Lumber Camp |
| 18:17 | Research | Bow Saw |
| 18:17 | Research | Bow Saw |
| 18:20 | Create | Villager (Male) ×5 |
| 18:20 | Create | Villager (Male) ×5 |
| 19:13 | Create | Villager (Male) |
| 19:16 | Build | University |
| 19:22 | Research | Two-Man Saw |
| 19:24 | Create | Villager (Male) |
| 19:24 | Create | Villager (Male) ×5 |
| 19:24 | Create | Villager (Male) ×5 |
| 19:47 | Research | Conscription |
| 20:07 | Create | Trebuchet (Packed) |
| 20:22 | Build | Barracks |
| 20:33 | Create | Trebuchet (Packed) |
| 20:34 | Create | Trebuchet (Packed) |
| 20:51 | Research | Hand Cart |
| 20:59 | Create | Villager (Male) |
| 21:00 | Create | Villager (Male) |
| 21:00 | Create | Villager (Male) ×5 |
| 21:01 | Create | Villager (Male) ×5 |
| 21:01 | Create | Villager (Male) ×5 |
| 21:04 | Build | Farm |
| 21:05 | Build | Farm |
| 21:05 | Build | Farm |
| 21:05 | Build | Farm |
| 21:05 | Build | Farm |
| 21:06 | Build | Farm |
| 21:06 | Build | Farm |
| 21:11 | Build | Farm |
| 21:11 | Build | Farm |
| 21:11 | Build | Farm |
| 21:13 | Build | Farm |
| 21:18 | Build | Farm |
| 21:28 | Create | Villager (Male) |
| 21:28 | Create | Villager (Male) |
| 21:28 | Create | Villager (Male) ×5 |
| 21:28 | Create | Villager (Male) |
| 21:36 | Build | Archery Range |
| 21:38 | Build | Archery Range |
| 21:48 | Build | Archery Range |
| 22:02 | Research | Fletching |
| 22:38 | Research | Ballistics |
| 22:38 | Research | Chemistry |
| 23:05 | Research | Bodkin Arrow |
| 23:25 | Build | Lumber Camp |
| 23:28 | Research | Gold Mining |
| 23:30 | Research | Forging |
| 23:30 | Create | Villager (Male) |
| 23:30 | Create | Villager (Male) |
| 23:31 | Create | Villager (Male) |
| 23:35 | Build | Mill |
| 23:36 | Build | Farm |
| 23:36 | Build | Farm |
| 23:36 | Build | Farm |
| 23:36 | Build | Farm |
| 23:36 | Build | Farm |
| 23:37 | Build | Farm |
| 23:37 | Build | Farm |
| 23:37 | Build | Farm |
| 23:37 | Build | Farm |
| 23:38 | Build | Farm |
| 23:38 | Build | Farm |
| 23:41 | Build | Mill |
| 23:41 | Build | Farm |
| 23:41 | Build | Farm |
| 23:42 | Build | Farm |
| 23:42 | Build | Farm |
| 23:42 | Build | Farm |
| 23:42 | Build | Farm |
| 23:43 | Build | Farm |
| 23:48 | Build | Mining Camp |
| 23:51 | Build | Mining Camp |
| 23:56 | Research | Stone Mining |
| 23:58 | Research | Loom |
| 24:11 | Build | Siege Workshop |
| 24:19 | Build | Siege Workshop |
| 24:24 | Build | Siege Workshop |
Build order — NothingAtAll11
First 150 of 252 actions detected
| 0:01 | Create | Villager (Male) ×4 |
| 0:03 | Build | House |
| 0:12 | Build | Mill |
| 1:25 | Build | Lumber Camp |
| 1:32 | Create | Villager (Male) |
| 1:33 | Create | Villager (Male) |
| 2:18 | Build | House |
| 2:46 | Create | Villager (Male) |
| 2:48 | Create | Villager (Male) |
| 3:21 | Research | Double-Bit Axe |
| 3:21 | Research | Double-Bit Axe |
| 3:28 | Research | Feudal Age |
| 3:29 | Research | Feudal Age |
| 3:34 | Build | House |
| 3:36 | Build | House |
| 3:37 | Build | House |
| 4:25 | Research | Wheelbarrow |
| 5:46 | Age | Feudal Age |
| 5:48 | Build | Market |
| 5:51 | Build | Blacksmith |
| 6:14 | Research | Bow Saw |
| 6:14 | Research | Bow Saw |
| 6:54 | Research | Castle Age |
| 7:02 | Research | Horse Collar |
| 7:04 | Research | Heavy Plow |
| 7:27 | Research | Hand Cart |
| 7:42 | Build | House |
| 7:43 | Build | House |
| 7:44 | Build | House |
| 7:53 | Build | House |
| 7:54 | Build | House |
| 7:56 | Build | House |
| 8:03 | Build | House |
| 9:14 | Research | Forging |
| 9:14 | Research | Scale Barding Armor |
| 9:28 | Research | Scale Mail Armor |
| 9:41 | Age | Castle Age |
| 9:49 | Build | Town Center |
| 10:07 | Create | Villager (Male) ×5 |
| 10:55 | Build | Town Center |
| 11:11 | Create | Villager (Male) ×5 |
| 11:31 | Create | Villager (Male) ×5 |
| 11:50 | Build | Castle |
| 11:51 | Build | Castle |
| 11:59 | Research | Loom |
| 12:10 | Build | Town Center |
| 12:29 | Create | Villager (Male) ×5 |
| 12:37 | Create | Villager (Male) ×5 |
| 12:55 | Create | Villager (Male) ×5 |
| 12:58 | Research | Crop Rotation |
| 13:36 | Build | Castle |
| 13:37 | Build | Castle |
| 13:39 | Build | Castle |
| 13:40 | Build | Castle |
| 13:43 | Create | Villager (Male) ×5 |
| 13:48 | Build | Town Center |
| 14:04 | Build | Town Center |
| 14:17 | Build | Mining Camp |
| 14:22 | Create | Villager (Male) ×5 |
| 14:23 | Create | Villager (Male) ×5 |
| 14:24 | Create | Villager (Male) ×5 |
| 14:42 | Create | Villager (Male) ×5 |
| 14:43 | Create | Villager (Male) ×5 |
| 14:53 | Create | Villager (Male) ×5 |
| 14:53 | Create | Villager (Male) ×5 |
| 14:57 | Build | Town Center |
| 15:16 | Build | Farm |
| 15:17 | Build | Farm |
| 15:19 | Build | Farm |
| 15:26 | Build | Mining Camp |
| 15:31 | Create | Villager (Male) ×5 |
| 15:33 | Create | Villager (Male) ×3 |
| 15:33 | Research | Town Watch |
| 15:40 | Build | Farm |
| 15:41 | Build | Farm |
| 15:42 | Build | Farm |
| 15:43 | Build | Farm |
| 15:45 | Build | Farm |
| 15:46 | Build | Farm |
| 15:48 | Build | Farm |
| 15:51 | Build | Farm |
| 15:52 | Build | Farm |
| 15:53 | Build | Farm |
| 15:53 | Build | Farm |
| 15:54 | Build | Farm |
| 15:59 | Create | Villager (Male) ×5 |
| 15:59 | Create | Villager (Male) ×5 |
| 16:00 | Create | Villager (Male) |
| 16:04 | Build | Mining Camp |
| 16:06 | Build | Farm |
| 16:08 | Build | Farm |
| 16:18 | Build | Farm |
| 16:22 | Create | Villager (Male) ×5 |
| 16:26 | Build | Farm |
| 16:27 | Build | Farm |
| 16:28 | Build | Farm |
| 16:32 | Build | Farm |
| 16:34 | Build | Farm |
| 16:37 | Build | Farm |
| 16:47 | Build | Farm |
| 16:48 | Build | Farm |
| 16:51 | Build | Farm |
| 16:53 | Build | Farm |
| 17:01 | Research | Town Watch |
| 17:03 | Research | Gold Mining |
| 17:08 | Build | Mining Camp |
| 17:18 | Build | Mining Camp |
| 17:29 | Create | Villager (Male) ×5 |
| 17:31 | Create | Villager (Male) ×5 |
| 17:34 | Create | Villager (Male) ×5 |
| 17:37 | Research | Gold Shaft Mining |
| 18:03 | Build | Castle |
| 18:04 | Build | Castle |
| 18:07 | Build | Castle |
| 18:10 | Build | Castle |
| 18:14 | Build | Castle |
| 18:19 | Build | Barracks |
| 18:21 | Build | Blacksmith |
| 18:24 | Research | Imperial Age |
| 18:27 | Research | Town Patrol |
| 18:30 | Create | Villager (Male) ×2 |
| 18:30 | Create | Villager (Male) ×2 |
| 18:34 | Build | Farm |
| 18:35 | Build | Farm |
| 18:36 | Build | Farm |
| 18:37 | Build | Farm |
| 18:38 | Build | Farm |
| 18:39 | Build | Farm |
| 18:45 | Build | Lumber Camp |
| 18:51 | Build | Mill |
| 18:52 | Build | Farm |
| 18:52 | Build | Farm |
| 18:54 | Build | Farm |
| 18:55 | Build | Farm |
| 18:56 | Build | Farm |
| 19:00 | Build | Farm |
| 19:08 | Create | Villager (Male) ×5 |
| 19:15 | Build | Lumber Camp |
| 19:23 | Build | Farm |
| 19:24 | Build | Farm |
| 19:25 | Build | Farm |
| 19:26 | Build | Farm |
| 19:27 | Build | Farm |
| 19:28 | Build | Farm |
| 19:31 | Create | Villager (Male) ×5 |
| 19:32 | Create | Villager (Male) ×5 |
| 19:32 | Create | Villager (Male) ×5 |
| 19:38 | Build | Farm |
| 19:39 | Build | Farm |
| 19:40 | Build | Farm |
Build order — Sentinel
146 actions detected in the replay
| 0:01 | Create | Villager (Male) |
| 0:02 | Create | Villager (Male) |
| 0:03 | Build | Barracks |
| 0:28 | Build | Mill |
| 0:35 | Create | Villager (Male) |
| 0:36 | Create | Villager (Male) |
| 1:29 | Create | Villager (Male) |
| 1:29 | Create | Villager (Male) |
| 1:41 | Create | Villager (Male) |
| 1:52 | Create | Villager (Male) |
| 2:01 | Create | Villager (Male) |
| 2:41 | Create | Villager (Male) |
| 4:16 | Build | Mining Camp |
| 4:16 | Create | Villager (Male) |
| 4:17 | Create | Villager (Male) |
| 4:58 | Research | Feudal Age |
| 5:08 | Create | Villager (Male) |
| 5:08 | Create | Villager (Male) |
| 7:06 | Create | Villager (Male) |
| 7:16 | Age | Feudal Age |
| 7:18 | Build | Blacksmith |
| 7:21 | Build | Market |
| 8:00 | Create | Villager (Male) |
| 8:10 | Research | Castle Age |
| 9:43 | Build | Stone Wall |
| 10:21 | Create | Villager (Male) |
| 10:21 | Create | Villager (Male) |
| 10:50 | Age | Castle Age |
| 10:55 | Build | Town Center |
| 11:34 | Create | Villager (Male) |
| 11:58 | Build | Town Center |
| 12:07 | Create | Villager (Male) |
| 12:07 | Create | Villager (Male) |
| 12:18 | Create | Villager (Male) ×5 |
| 12:26 | Build | Lumber Camp |
| 12:30 | Build | Lumber Camp |
| 12:35 | Build | Town Center |
| 12:56 | Build | Town Center |
| 13:19 | Build | Gate |
| 13:27 | Create | Villager (Male) ×5 |
| 14:27 | Create | Villager (Male) ×5 |
| 14:28 | Create | Villager (Male) ×5 |
| 14:31 | Research | Loom |
| 14:52 | Create | Villager (Male) ×5 |
| 14:59 | Build | Town Center |
| 15:15 | Build | Town Center |
| 15:19 | Create | Villager (Male) ×5 |
| 16:04 | Create | Villager (Male) ×5 |
| 16:27 | Create | Villager (Male) ×4 |
| 16:38 | Research | Guilds |
| 16:39 | Research | Caravan |
| 16:47 | Research | Gold Mining |
| 16:47 | Research | Stone Mining |
| 16:50 | Research | Double-Bit Axe |
| 17:00 | Build | Lumber Camp |
| 17:02 | Create | Villager (Male) ×4 |
| 17:26 | Create | Villager (Male) ×3 |
| 17:34 | Build | Farm |
| 17:35 | Build | Farm |
| 17:35 | Build | Farm |
| 17:35 | Build | Farm |
| 17:36 | Build | Farm |
| 17:36 | Build | Farm |
| 17:36 | Build | Farm |
| 17:49 | Create | Villager (Male) ×3 |
| 17:53 | Build | Farm |
| 17:56 | Research | Bow Saw |
| 17:58 | Research | Gold Shaft Mining |
| 17:58 | Research | Stone Shaft Mining |
| 18:00 | Research | Horse Collar |
| 18:05 | Research | Wheelbarrow |
| 18:10 | Research | Town Watch |
| 18:17 | Build | Market |
| 18:19 | Build | Market |
| 18:21 | Build | Market |
| 18:30 | Create | Villager (Male) ×5 |
| 18:49 | Create | Villager (Male) ×5 |
| 18:54 | Build | Farm |
| 18:55 | Build | Farm |
| 18:55 | Build | Farm |
| 18:56 | Build | Farm |
| 18:56 | Build | Farm |
| 18:56 | Build | Farm |
| 19:28 | Create | Villager (Male) ×5 |
| 19:34 | Build | Castle |
| 19:39 | Research | Hand Cart |
| 19:43 | Research | Heavy Plow |
| 19:52 | Create | Villager (Male) ×5 |
| 20:00 | Build | Farm |
| 20:00 | Build | Farm |
| 20:00 | Build | Farm |
| 20:01 | Build | Farm |
| 20:01 | Build | Farm |
| 20:01 | Build | Farm |
| 20:02 | Build | Farm |
| 20:02 | Build | Farm |
| 20:02 | Build | Farm |
| 20:03 | Build | Farm |
| 20:03 | Build | Farm |
| 20:03 | Build | Farm |
| 20:03 | Build | Farm |
| 20:04 | Build | Farm |
| 20:04 | Build | Farm |
| 20:22 | Create | Villager (Male) ×5 |
| 20:47 | Create | Villager (Male) ×5 |
| 20:55 | Research | Tigui |
| 21:08 | Build | Town Center |
| 21:12 | Build | Town Center |
| 21:16 | Build | Town Center |
| 21:22 | Create | Villager (Male) ×5 |
| 21:34 | Research | Imperial Age |
| 21:40 | Research | Scale Barding Armor |
| 21:41 | Research | Forging |
| 21:55 | Create | Trade Cart ×3 |
| 22:14 | Create | Trade Cart ×3 |
| 22:17 | Build | Mining Camp |
| 22:28 | Build | University |
| 22:33 | Create | Villager (Male) ×5 |
| 22:55 | Create | Gbeto |
| 22:59 | Create | Villager (Male) ×5 |
| 23:04 | Build | Mining Camp |
| 23:06 | Create | Villager (Male) ×5 |
| 23:11 | Create | Villager (Male) ×5 |
| 23:17 | Research | Crop Rotation |
| 23:40 | Research | Ballistics |
| 23:40 | Research | Masonry |
| 23:46 | Research | Chain Barding Armor |
| 23:47 | Research | Iron Casting |
| 24:26 | Build | Barracks |
| 24:44 | Age | Imperial Age |
| 24:51 | Research | Plate Barding Armor |
| 24:54 | Create | Trade Cart ×5 |
| 25:00 | Research | Farimba |
| 25:01 | Research | Conscription |
| 25:02 | Research | Elite Gbeto (upgrade) |
| 25:07 | Build | Stable |
| 25:08 | Build | Stable |
| 25:10 | Build | Stable |
| 25:11 | Build | Stable |
| 25:12 | Build | Stable |
| 25:29 | Create | Villager (Male) ×5 |
| 25:34 | Research | Heavy Camel Rider (upgrade) |
| 25:36 | Create | Camel Scout ×5 |
| 25:36 | Create | Camel Scout ×5 |
| 25:47 | Research | Husbandry |
| 25:48 | Research | Bloodlines |
Build order — jhonatanSirock
First 150 of 208 actions detected
| 0:22 | Research | Loom |
| 0:22 | Create | Villager (Male) |
| 0:23 | Create | Villager (Male) |
| 0:23 | Create | Villager (Male) |
| 0:23 | Create | Villager (Male) |
| 0:23 | Create | Villager (Male) |
| 0:30 | Build | House |
| 1:06 | Build | House |
| 1:50 | Create | Villager (Male) |
| 2:25 | Create | Villager (Male) |
| 3:03 | Create | Villager (Male) |
| 3:03 | Create | Villager (Male) |
| 3:23 | Create | Villager (Male) |
| 3:32 | Build | House |
| 3:48 | Create | Villager (Male) |
| 3:48 | Create | Villager (Male) |
| 3:57 | Build | Lumber Camp |
| 4:17 | Create | Villager (Male) |
| 4:46 | Create | Villager (Male) |
| 5:12 | Create | Villager (Male) |
| 5:32 | Create | Villager (Male) |
| 6:20 | Create | Villager (Male) |
| 6:21 | Create | Villager (Male) |
| 6:21 | Create | Villager (Male) |
| 6:33 | Create | Villager (Male) |
| 6:38 | Build | House |
| 6:51 | Build | Mill |
| 7:49 | Research | Feudal Age |
| 8:03 | Build | Mining Camp |
| 9:59 | Age | Feudal Age |
| 10:11 | Build | Market |
| 11:02 | Build | Blacksmith |
| 11:31 | Research | Castle Age |
| 12:52 | Create | Villager (Male) |
| 12:52 | Create | Villager (Male) |
| 12:52 | Create | Villager (Male) |
| 12:53 | Create | Villager (Male) |
| 12:55 | Create | Villager (Male) |
| 12:55 | Create | Villager (Male) |
| 12:56 | Create | Villager (Male) |
| 12:56 | Create | Villager (Male) |
| 12:56 | Create | Villager (Male) |
| 12:56 | Create | Villager (Male) |
| 13:08 | Build | House |
| 13:09 | Build | House |
| 13:10 | Build | House |
| 13:10 | Build | House |
| 13:10 | Build | House |
| 14:11 | Age | Castle Age |
| 14:19 | Build | Castle |
| 14:36 | Build | Castle |
| 14:57 | Build | Castle |
| 16:13 | Create | Serjeant |
| 16:13 | Create | Serjeant |
| 16:13 | Create | Serjeant |
| 16:20 | Create | Serjeant |
| 16:32 | Build | Mining Camp |
| 16:53 | Create | Serjeant |
| 16:53 | Create | Serjeant |
| 16:53 | Create | Serjeant |
| 16:54 | Create | Serjeant |
| 16:54 | Create | Serjeant |
| 16:54 | Create | Serjeant |
| 16:54 | Create | Serjeant |
| 16:55 | Create | Serjeant |
| 16:55 | Create | Serjeant |
| 16:55 | Create | Serjeant |
| 16:55 | Create | Serjeant |
| 16:56 | Create | Serjeant |
| 16:56 | Create | Serjeant |
| 17:14 | Build | Market |
| 17:36 | Build | Mining Camp |
| 17:44 | Create | Villager (Male) |
| 17:45 | Create | Villager (Male) |
| 17:45 | Create | Villager (Male) |
| 17:45 | Create | Villager (Male) |
| 17:45 | Create | Villager (Male) |
| 17:46 | Create | Villager (Male) |
| 17:46 | Create | Villager (Male) |
| 17:46 | Create | Villager (Male) |
| 17:46 | Create | Villager (Male) |
| 17:47 | Create | Villager (Male) |
| 17:47 | Create | Villager (Male) |
| 17:47 | Create | Villager (Male) |
| 17:48 | Create | Villager (Male) |
| 17:48 | Create | Villager (Male) |
| 18:11 | Build | Town Center |
| 18:19 | Create | Villager (Male) |
| 18:19 | Create | Villager (Male) |
| 18:19 | Create | Villager (Male) |
| 18:20 | Create | Villager (Male) |
| 18:20 | Create | Villager (Male) |
| 18:20 | Create | Villager (Male) |
| 18:21 | Create | Villager (Male) |
| 18:21 | Create | Villager (Male) |
| 18:21 | Create | Villager (Male) |
| 18:21 | Create | Villager (Male) |
| 18:49 | Build | Town Center |
| 18:58 | Create | Villager (Male) |
| 19:09 | Create | Villager (Male) |
| 19:09 | Create | Villager (Male) |
| 19:09 | Create | Villager (Male) |
| 19:10 | Create | Villager (Male) |
| 19:10 | Create | Villager (Male) |
| 19:10 | Create | Villager (Male) |
| 19:10 | Create | Villager (Male) |
| 19:11 | Create | Villager (Male) |
| 19:14 | Create | Villager (Male) |
| 19:14 | Create | Villager (Male) |
| 19:14 | Create | Villager (Male) |
| 19:14 | Create | Villager (Male) |
| 19:14 | Create | Villager (Male) |
| 19:15 | Create | Villager (Male) |
| 19:15 | Create | Villager (Male) |
| 19:35 | Build | Market |
| 20:04 | Create | Serjeant |
| 20:04 | Create | Serjeant |
| 20:04 | Create | Serjeant |
| 20:04 | Create | Serjeant |
| 20:05 | Create | Serjeant |
| 20:05 | Create | Serjeant |
| 20:05 | Create | Serjeant |
| 20:05 | Create | Serjeant |
| 20:06 | Create | Serjeant |
| 20:06 | Create | Serjeant |
| 20:06 | Create | Serjeant |
| 20:47 | Build | Farm |
| 21:04 | Create | Villager (Male) |
| 21:04 | Create | Villager (Male) |
| 21:05 | Create | Villager (Male) |
| 21:05 | Create | Villager (Male) |
| 21:05 | Create | Villager (Male) |
| 21:06 | Create | Villager (Male) |
| 21:06 | Create | Villager (Male) |
| 21:06 | Create | Villager (Male) |
| 21:06 | Create | Villager (Male) |
| 21:07 | Create | Villager (Male) |
| 21:07 | Create | Villager (Male) |
| 21:07 | Create | Villager (Male) |
| 21:07 | Create | Villager (Male) |
| 21:07 | Create | Villager (Male) |
| 21:11 | Build | Farm |
| 21:18 | Build | Market |
| 21:29 | Create | Trade Cart |
| 21:29 | Create | Trade Cart |
| 21:29 | Create | Trade Cart |
| 21:30 | Create | Trade Cart |
| 21:33 | Create | Trade Cart |
| 21:34 | Create | Trade Cart |
| 21:50 | Build | Farm |
Match timeline
| 0:03 | AnacletoElit · first_building Barracks |
| 0:03 | Sentinel · first_building Barracks |
| 5:25 | Bluestorm · age_up feudal |
| 5:38 | AnacletoElit · wall_segment Palisade Wall x29 |
| 5:46 | NothingAtAll11 · age_up feudal |
| 6:06 | AnacletoElit · resign |
| 6:52 | NothingAtAll11 · first_market_sell 100 food |
| 6:55 | Pepsified · age_up feudal |
| 6:58 | Bluestorm · first_market_sell 100 food |
| 7:00 | Bluestorm · first_market_buy 100 wood |
| 7:16 | Sentinel · age_up feudal |
| 7:27 | PolishedPoo · age_up feudal |
| 9:41 | NothingAtAll11 · age_up castle |
| 9:43 | Sentinel · wall_segment Stone Wall x31 |
| 9:50 | Sentinel · first_market_sell 500 food |
| 9:51 | Sentinel · first_market_buy 100 stone |
| 9:59 | jhonatanSirock · age_up feudal |
| 10:16 | ANCIANO · age_up feudal |
| 10:18 | Bluestorm · age_up castle |
| 10:25 | Bluestorm · first_building Castle |
| 10:36 | Pepsified · age_up castle |
| 10:50 | Sentinel · age_up castle |
| 10:51 | jhonatanSirock · first_market_sell 100 stone |
| 10:56 | jhonatanSirock · first_market_buy 100 wood |
| 11:10 | PolishedPoo · first_market_sell 500 food |
| 11:13 | Bluestorm · first_building Barracks |
| 11:33 | PolishedPoo · age_up castle |
| 11:35 | PolishedPoo · first_building Castle |
| 11:50 | NothingAtAll11 · first_building Castle |
| 12:06 | Pepsified · first_building Barracks |
| 13:07 | ANCIANO · first_building Barracks |
| 13:26 | Pepsified · first_building Archery Range |
| 13:43 | Pepsified · first_market_buy 100 wood |
| 13:45 | Pepsified · first_market_sell 500 food |
| 13:50 | Pepsified · first_building Stable |
| 13:57 | ANCIANO · first_market_sell 100 wood |
| 14:05 | ANCIANO · first_market_buy 100 food |
| 14:11 | jhonatanSirock · age_up castle |
| 14:19 | jhonatanSirock · first_building Castle |
| 14:27 | ANCIANO · first_building Stable |
| 15:58 | PolishedPoo · age_up imperial |
| 16:42 | Pepsified · first_building Monastery |
| 16:49 | Pepsified · first_building Siege Workshop |
| 17:01 | ANCIANO · age_up castle |
| 17:09 | Bluestorm · first_building Monastery |
| 17:49 | PolishedPoo · first_market_buy 100 wood |
| 18:19 | NothingAtAll11 · first_building Barracks |
| 19:31 | Bluestorm · age_up imperial |
| 19:34 | Sentinel · first_building Castle |
| 19:45 | Pepsified · first_building Castle |
| 20:22 | PolishedPoo · first_building Barracks |
| 20:29 | NothingAtAll11 · first_building Stable |
| 20:50 | Pepsified · age_up imperial |
| 21:36 | PolishedPoo · first_building Archery Range |
| 21:43 | NothingAtAll11 · age_up imperial |
| 24:11 | PolishedPoo · first_building Siege Workshop |
| 24:44 | Sentinel · age_up imperial |
| 24:48 | Bluestorm · first_building Stable |
| 25:07 | ANCIANO · first_building Castle |
| 25:07 | Sentinel · first_building Stable |
[ AI ANALYSIS · 1 CREDIT ]
What really happened in this match?
Wolo.gg analyzes every decision: build order, eco, micro, common mistakes by bracket. Personalized analysis on WhatsApp or Discord in 30 seconds.
Civ guide
Huns
Perfil
ANCIANO